 Dungeon Crawl Stone Soup version 0.28-a0-1002-gf00fe891ef (webtiles) character file.

Game seed: 14404048606538728438

178 ytrimaz the Insei (level 5, -1/34 HPs)
             Began as an Octopode Transmuter on Dec 6, 2021.
             Was an Initiate of Ashenzari.
             Slain by a goblin (2 damage)
             ... on level 4 of the Dungeon.
             The game lasted 00:04:31 (3369 turns).

ytrimaz the Insei (Octopode Transmuter)             Turns: 3369, Time: 00:04:32

Health: -1/34      AC:  1    Str:  9    XL:     5   Next: 58%
Magic:  9/9        EV: 13    Int: 18    God:    Ashenzari [......]
Gold:   99         SH:  0    Dex: 12    Spells: 6/10 levels left

rFire   + . .      SeeInvis .     - Unarmed
rCold   + . .      Faith    .   (no shield)
rNeg    . . .      Spirit   .   (helmet restricted)
rPois   +          Reflect  .   (no amulet)
rElec   +          Harm     .   (no ring)
rCorr   +          Rampage  .   (no ring)
Will    .....                   (no ring)
Stlth   ++........              (no ring)
HPRegen 0.11/turn               (no ring)
MPRegen 0.11/turn               (no ring)
                                (no ring)
                                (no ring)

@: lethally poisoned (-1 -> -8), resistant, attractive
A: almost no armour, amphibious, 8 rings, camouflage 1, gelatinous body 1,
(nimble swimmer 1), tentacles
a: Renounce Religion, Curse Item


You were on level 4 of the Dungeon.
You worshipped Ashenzari.
Ashenzari was noncommittal.
You visited 1 branch of the dungeon, and saw 4 of its levels.

You collected 123 gold pieces.
You spent 24 gold pieces at shops.

Inventory:

Scrolls
 c - a scroll of immolation
 d - a scroll of teleportation {unknown}
Potions
 a - a potion of flight


   Skills:
 * Level 2.1 Fighting
 - Level 2.0 Dodging
 + Level 4.1 Unarmed Combat
 * Level 3.3 Spellcasting
 * Level 3.1 Transmutations
 + Level 0.3 Poison Magic


You had 6 spell levels left.
You knew the following spells:

 Your Spells              Type           Power      Damage    Failure   Level
a - Beastly Appendage     Tmut           28%        N/A       4%          1
b - Spider Form           Tmut/Pois      9%         N/A       24%         3

Your spell library contained the following spells:

 Spells                   Type           Power      Damage    Failure   Level
 Wereblood                Tmut           14%        N/A       7%          2
 Slow                     Hex            8%         N/A       16%         1
 Ignite Poison            Fire/Tmut/Pois 7%         N/A       30%         3
 Confusing Touch          Hex            2%         N/A       43%         3
 Conjure Flame            Conj/Fire      2%         6-21      43%         3
 Ice Form                 Ice/Tmut       8%         N/A       63%         4
 Sticky Flame             Conj/Fire      2%         2d3       85%         4
 Yara's Violent Unravell  Hex/Tmut       4%         3d4       93%         5


Dungeon Overview and Level Annotations

Branches:
Dungeon (4/15)
 Temple: D:4-7

Altars:
Ashenzari
Ru

Shops:
D:1 *   D:3 ?


Innate Abilities, Weirdness & Mutations

You cannot wear most types of armour.
You are amphibious.
You can wear up to eight rings at the same time.
Your skin changes colour to match your surroundings (Stealth+).
Your rubbery body absorbs attacks. (AC +1, EV +1)
((You are camouflaged near water. (Stealth+)))
You have tentacles for arms and can constrict up to eight enemies at once.


Message History

You destroy the scorpion zombie!
Unknown command.
It was a potion of resistance.
You feel protected. The bullfrog zombie hits you!
* * * LOW HITPOINT WARNING * * *
The bullfrog zombie hits you but does no damage.
Unknown command.
It was a potion of attraction.
You feel attractive to monsters. The bullfrog zombie barely misses you.
Unknown command.
The bullfrog zombie barely misses you.
Your transformation is almost over.
The bullfrog zombie barely misses you.
You hear the slow rusting of a very distant drain.
The goblin is attracted toward you.
Unknown command.
Found 18 stones.
The bullfrog zombie hits you.
* * * LOW HITPOINT WARNING * * *
The goblin is attracted toward you.
Found a glowing red potion.
The goblin is attracted toward you. The bullfrog zombie hits you.
* * * LOW HITPOINT WARNING * * *
The goblin is attracted toward you.
Your tentacle spike disappears.
The goblin is attracted toward you. As you open the door, it creaks loudly!
A scorpion comes into view.
The goblin shouts!
The bullfrog zombie completely misses you.
The scorpion is attracted toward you.
You tentacle-slap the scorpion but do no damage.
You grab the scorpion.
You constrict the scorpion, but do no damage.
The bullfrog zombie barely misses you. The scorpion stings you.
* * * LOW HITPOINT WARNING * * *
You are lethally poisoned!
The scorpion poisons you! The goblin hits you with a +0 dagger.
You die...

##...........
#.................#
#.................#
#.................##
#...<..............
#........... .§...
#........... ...
#....##########s##
#....#..#......@.#
#....'..#......Zg#
##....#..###+###..#.. .
.....#######.###§.#...(
.....#..........§.......
.....'..................
.....#..........8......!
.....#..................
.....#########..........


You could see a scorpion, a bullfrog zombie and a goblin.

Vanquished Creatures
  A centaur skeleton (D:4)
  A scorpion zombie (D:4)
  An iguana (D:3)
  A shadow imp (D:3)
  4 worms
  5 dart slugs
  3 orcs (D:3)
  4 ball pythons
  3 endoplasms
  3 giant cockroaches
  10 goblins
  7 hobgoblins
  2 quokkas
  7 bats
  8 frilled lizards
  8 kobolds
  3 rats
71 creatures vanquished.

Notes
Turn   | Place    | Note
-------+----------+-------------------------------------------
     0 | D:1      | ytrimaz the Octopode Transmuter began the quest for the
                  | Orb.
     0 | D:1      | Reached XP level 1. HP: 13/13 MP: 3/3
    29 | D:1      | Found Vexunor's Assorted Antiques.
   187 | D:1      | Reached XP level 2. HP: 11/18 MP: 5/5
   680 | D:1      | Found a faded altar of an unknown god.
   701 | D:1      | Prayed at the altar of an unknown god.
   701 | D:1      | Became a worshipper of Ashenzari the Shackled
  1086 | D:2      | Reached XP level 3. HP: 16/23 MP: 6/6
  1210 | D:2      | Learned a level 3 spell: Spider Form
  1747 | D:2      | Found a sacrificial altar of Ru.
  2074 | D:3      | Found Idoq's Magic Scroll Shop.
  2080 | D:3      | Bought a scroll of identify for 24 gold pieces
  2256 | D:3      | Reached XP level 4. HP: 28/28 MP: 2/7
  2504 | D:3      | HP: 1/29 [goblin (3)]
  2506 | D:3      | Reached XP level 5. HP: 2/34 MP: 1/9
  3347 | D:4      | Reached skill level 4 in Unarmed Combat
  3369 | D:4      | HP: 1/34 [scorpion (1)]
  3369 | D:4      | Slain by a goblin

Illustrated notes

Levels and vault maps discovered:
D:1:      minmay_arrival_cross, layout_loops_ring, serial_shops,
          nicolae_shop_hallway_plus, nicolae_ecumenical_lake_church,
          minmay_ruptured
D:2:      layout_basic, basic_altar
D:3:      minmay_chambers_of_threes, layout_basic, serial_shops,
          nicolae_shop_stone, nrook_uturn, wad_floor_pattern_untrapped,
          grunt_ministairs_13
D:4:      layout_gridville, cheibrodos_sewer_entry_bend, serial_undead,
          serial_undead_f, serial_undead_d, serial_undead_f, serial_undead_b

Skill      XL: |  1  2  3  4  5 |
---------------+----------------+-----
Spellcasting   | 3 |  3.3
Fighting       | 2 |  2.1
Unarmed Combat | 4 |  4.1
Transmutations | 3 |  3.1
Dodging        | |  2.0
Poison Magic   | |  0.3

Action                   |  1- 3 |  4- 6 || total
-------------------------+-------+-------++-------
Melee: Unarmed           |    91 |    88 ||   179
       Constrict         |    22 |    11 ||    33
       Tentacles         |    15 |    11 ||    26
       Kick              |     7 |     6 ||    13
       Punch             |     4 |     1 ||     5
 Cast: Beastly Appendage |    19 |     3 ||    22
       Spider Form       |     1 |     3 ||     4
  Use: Scroll            |     3 |       ||     3
       Potion            |       |     2 ||     2
 Stab: Sleeping          |     9 |     2 ||    11
Armor: Skin              |     7 |    16 ||    23
Dodge: Dodged            |    55 |   103 ||   158

Table legend: (Time is in decaauts)
 A = Elapsed time spent in this place.
 B = Non-inter-level travel time spent in this place.
 C = Inter-level travel time spent in this place.
 D = Time resting spent in this place.
 E = Time spent auto-exploring this place.
 F = Levels seen in this place.
 G = Mean time per level.
                   A        B        C        D        E       F      G
               +--------+--------+--------+--------+--------+-----+--------+
         Total |   3356 |   3279 |     77 |    387 |   2220 |   4 |  839.0 |
       Dungeon |   3356 |   3279 |     77 |    387 |   2220 |   4 |  839.0 |
               +--------+--------+--------+--------+--------+-----+--------+

Top non-repeatable levels by time:
     D:3: 1243 daAuts
     D:1: 1066 daAuts
     D:2: 937 daAuts
     D:4: 109 daAuts
